 Dungeon Crawl Stone Soup version 0.22.1-2-g9c5b331 (webtiles) character file.

767 Harpaggios the Charmwright (level 7, 0/56 HPs)
             Began as a Gnoll Skald on Dec 25, 2018.
             Was a Follower of Okawaru.
             Slain by a centaur
             ... wielding a +0 rapier
              (7 damage)
             ... on level 5 of the Dungeon.
             The game lasted 00:29:07 (4520 turns).

Harpaggios the Charmwright (Gnoll Skald)            Turns: 4520, Time: 00:29:08

Health: 0/56       AC:  4    Str: 13      XL:     7   Next: 82%
Magic:  18/24      EV: 15    Int: 15 (17) God:    Okawaru [*.....]
Gold:   105        SH:  0    Dex: 15      Spells: 12/17 levels left

rFire    . . .     SeeInvis .   a - +0 spear
rCold    . . .     Gourm    .   (no shield)
rNeg     + . .     Faith    .   p - +1 leather armour {rN+}
rPois    .         Spirit   .   (no helmet)
rElec    .         Reflect  .   (no cloak)
rCorr    .         Harm     .   (no gloves)
MR       .....                  (no boots)
Stlth    ++........             (no amulet)
HPRegen  0.18/turn              j - ring of magical power
MPRegen  0.19/turn              (no ring)

@: shrouded, infused
A: distributed training, fangs 1, strong nose
a: Heroism, Renounce Religion


You were on level 5 of the Dungeon.
You worshipped Okawaru.
Okawaru was aware of your devotion.
You were not hungry.

You visited 1 branch of the dungeon, and saw 5 of its levels.

You collected 260 gold pieces.
You spent 155 gold pieces at shops.

Inventory:

Hand Weapons
 a - a +0 spear (weapon)
Missiles
 i - 13 tomahawks (quivered)
Armour
 p - a +1 leather armour of positive energy (worn)
Magical Staves
 n - an uncursed staff of death
Jewellery
 j - a ring of magical power (left hand)
Wands
 m - a wand of flame (29)
Scrolls
 e - 4 scrolls of teleportation
 f - a scroll of amnesia
 h - a scroll of blinking
 k - 7 scrolls of identify
 l - a scroll of fear
Potions
 c - 3 potions of heal wounds
 g - a potion of berserk rage
Comestibles
 d - 9 rations


   Skills:
 + Level 5.3 Fighting
 + Level 2.6 Short Blades
 + Level 2.6 Long Blades
 + Level 2.6 Axes
 + Level 2.6 Maces & Flails
 + Level 5.3 Polearms
 + Level 2.6 Staves
 + Level 2.6 Slings
 + Level 2.6 Bows
 + Level 2.6 Crossbows
 + Level 2.6 Throwing
 + Level 3.7 Armour
 + Level 5.3 Dodging
 + Level 2.6 Stealth
 + Level 2.6 Shields
 + Level 2.6 Unarmed Combat
 + Level 5.7 Spellcasting
 + Level 2.1 Conjurations
 + Level 2.1 Hexes
 + Level 5.9 Charms
 + Level 2.1 Summonings
 + Level 2.1 Necromancy
 + Level 2.1 Translocations
 + Level 2.1 Transmutations
 + Level 2.1 Fire Magic
 + Level 2.1 Ice Magic
 + Level 2.1 Air Magic
 + Level 2.1 Earth Magic
 + Level 2.1 Poison Magic
 + Level 3.0 Invocations
 + Level 2.6 Evocations


You had 12 spell levels left.
You knew the following spells:

 Your Spells              Type           Power        Failure   Level  Hunger
a - Infusion              Chrm           ###.         1%          1    None
b - Song of Slaying       Chrm           ###.....     2%          2    #......
c - Shroud of Golubria    Chrm/Tloc      ###.......   5%          2    #......

Your spell library contained the following spells:

 Spells                   Type           Power        Failure   Level  Hunger
 Flame Tongue             Conj/Fire      ##...        8%          1    None
 Regeneration             Chrm/Necr      ###.......   11%         3    ###....
 Spectral Weapon          Hex/Chrm       ###.....     11%         3    ###....
 Throw Flame              Conj/Fire      ##....       12%         2    #......
 Conjure Flame            Conj/Fire      ##......     22%         3    ###....
 Inner Flame              Hex/Fire       ##......     22%         3    ###....
 Sticky Flame             Conj/Fire      ##......     58%         4    ####...
 Fireball                 Conj/Fire      ##........   91%         5    ######.


Dungeon Overview and Level Annotations

Branches:
Dungeon (5/15)
 Temple: D:4-7

Altars:
Okawaru

Shops:
D:5 *


Innate Abilities, Weirdness & Mutations

Your experience applies equally to all skills.
You have very sharp teeth.
Your uncanny sense of smell can sniff out nearby items.


Message History

Press: ? - help, Dir - move target cursor, f - centaur
Aim: a centaur, wielding a shortbow You reach to attack!
You barely miss the centaur. You barely miss the centaur.
The centaur unwields an uncursed shortbow.
The centaur wields an uncursed rapier.
The centaur hits you with an uncursed rapier.
You barely miss the centaur. The centaur closely misses you.
You hit the centaur.
The centaur is lightly wounded.
The centaur barely misses you.
You hit the centaur.
The centaur is lightly wounded.
The centaur hits you with an uncursed rapier!
* * * LOW HITPOINT WARNING * * *
Casting: Shroud of Golubria (safe; 5% risk of failure)
Confirm with . or Enter, or press ? or * to list all spells.
You begin infusing your attacks with magical energy.
The centaur hits you with an uncursed rapier!
You die...

##♣ ≈ ♣≈♣♣♣♣########
≈≈≈♣♣♣♣≈≈P≈♣≈#.....##
≈≈≈≈≈P≈≈≈≈P≈≈≈..♣♣..##
......c@.(..(...P≈♣..##
≈≈≈≈≈≈≈≈≈≈≈P≈≈.≈≈≈≈♣..##
P≈≈≈≈≈≈≈≈≈≈≈≈≈.≈P≈P≈≈..#
≈P≈≈≈≈≈≈≈≈≈≈≈≈.≈≈≈PP≈P..
≈≈≈≈...≈♣♣♣≈≈≈.≈≈≈≈≈≈≈≈.
....##..≈ ♣♣≈≈.≈≈≈P≈≈≈≈P
###....#. ♣≈≈.≈≈≈≈≈≈≈♣♣
# ... . ♣≈≈.≈≈≈≈≈≈≈♣♣
≈.≈≈≈≈≈♣♣♣#


You could see a centaur.

Vanquished Creatures
  A sky beast (D:5)
  An ice beast (D:5)
  A phantom (D:4)
  A scorpion (D:5)
  A howler monkey (D:5)
  A crimson imp (D:3)
  5 orc wizards
  A worker ant (D:4)
  8 adders
  A howler monkey skeleton (D:4)
  A shadow imp (D:5)
  6 worms
  4 dart slugs
  A leopard gecko (D:4)
  11 orcs
  3 ball pythons (D:3)
  5 giant cockroaches
  11 goblins
  6 hobgoblins
  16 jackals
  9 kobolds
  2 quokkas
  7 bats
  6 rats
109 creatures vanquished.

Notes
Turn   | Place    | Note
-------+----------+-------------------------------------------
     0 | D:1      | Harpaggios the Gnoll Skald began the quest for the Orb.
     0 | D:1      | Reached XP level 1. HP: 20/20 MP: 6/6
   297 | D:1      | Reached XP level 2. HP: 26/26 MP: 7/7
   542 | D:1      | Found an iron altar of Okawaru.
   572 | D:1      | Became a worshipper of Warmaster Okawaru
   585 | D:1      | Reached XP level 3. HP: 31/31 MP: 9/9
   593 | D:1      | Learned a level 2 spell: Song of Slaying
   596 | D:1      | Learned a level 2 spell: Shroud of Golubria
   613 | D:1      | Reached skill level 5 in Spellcasting
   964 | D:2      | Reached skill level 1 in Invocations
  1376 | D:2      | Reached skill level 1 in Short Blades
  1376 | D:2      | Reached skill level 1 in Long Blades
  1376 | D:2      | Reached skill level 1 in Axes
  1376 | D:2      | Reached skill level 1 in Maces & Flails
  1376 | D:2      | Reached skill level 1 in Staves
  1376 | D:2      | Reached skill level 1 in Slings
  1376 | D:2      | Reached skill level 1 in Bows
  1376 | D:2      | Reached skill level 1 in Crossbows
  1376 | D:2      | Reached skill level 1 in Throwing
  1376 | D:2      | Reached skill level 1 in Stealth
  1376 | D:2      | Reached skill level 1 in Shields
  1376 | D:2      | Reached skill level 1 in Unarmed Combat
  1376 | D:2      | Reached skill level 1 in Evocations
  1376 | D:2      | Reached XP level 4. HP: 37/38 MP: 11/11
  2008 | D:3      | Reached skill level 1 in Conjurations
  2008 | D:3      | Reached skill level 1 in Hexes
  2008 | D:3      | Reached skill level 1 in Summonings
  2008 | D:3      | Reached skill level 1 in Necromancy
  2008 | D:3      | Reached skill level 1 in Translocations
  2008 | D:3      | Reached skill level 1 in Transmutations
  2008 | D:3      | Reached skill level 1 in Fire Magic
  2008 | D:3      | Reached skill level 1 in Ice Magic
  2008 | D:3      | Reached skill level 1 in Air Magic
  2008 | D:3      | Reached skill level 1 in Earth Magic
  2008 | D:3      | Reached skill level 1 in Poison Magic
  2184 | D:3      | Reached XP level 5. HP: 41/43 MP: 12/12
  2482 | D:3      | Reached XP level 6. HP: 44/50 MP: 13/13
  3245 | D:4      | Reached skill level 5 in Fighting
  3245 | D:4      | Reached skill level 5 in Polearms
  3245 | D:4      | Reached skill level 5 in Dodging
  3251 | D:4      | Reached * piety under Okawaru
  3744 | D:4      | Noticed a phantom
  3763 | D:4      | Killed a phantom
  3763 | D:4      | Reached XP level 7. HP: 37/56 MP: 13/15
  3896 | D:5      | Entered Level 5 of the Dungeon
  3918 | D:5      | Found Gapsaofe's Assorted Antiques.
  3921 | D:5      | Bought a dyed leather armour for 155 gold pieces
  4203 | D:5      | HP: 2/56 [poisoned by a scorpion]
  4520 | D:5      | Slain by a centaur

Skill      XL: |  1  2  3  4  5  6  7 |
---------------+----------------------+-----
Spellcasting   | 5 |  5.7
Invocations    | 1 2 3 |  3.0
Short Blades   | 1 2 |  2.6
Long Blades    | 1 2 |  2.6
Axes           | 1 2 |  2.6
Maces & Flails | 1 2 |  2.6
Staves         | 1 2 |  2.6
Slings         | 1 2 |  2.6
Bows           | 1 2 |  2.6
Crossbows      | 1 2 |  2.6
Throwing       | 1 2 |  2.6
Stealth        | 1 2 |  2.6
Shields        | 1 2 |  2.6
Unarmed Combat | 1 2 |  2.6
Evocations     | 1 2 |  2.6
Conjurations   | 1 2 |  2.1
Hexes          | 1 2 |  2.1
Summonings     | 1 2 |  2.1
Necromancy     | 1 2 |  2.1
Translocations | 1 2 |  2.1
Transmutations | 1 2 |  2.1
Fire Magic     | 1 2 |  2.1
Ice Magic      | 1 2 |  2.1
Air Magic      | 1 2 |  2.1
Earth Magic    | 1 2 |  2.1
Poison Magic   | 1 2 |  2.1
Armour         | 3 |  3.7
Fighting       | 5 |  5.3
Polearms       | 5 |  5.3
Dodging        | 5 |  5.3
Charms         | |  5.9

Action                   |  1- 3 |  4- 6 |  7- 9 || total
-------------------------+-------+-------+-------++-------
Melee: Spear             |   155 |   215 |    62 ||   432
       Bite              |    12 |    11 |     8 ||    31
       Punch             |       |     4 |     1 ||     5
       Staff             |       |    47 |       ||    47
 Cast: Infusion          |     7 |    21 |     6 ||    34
       Shroud of Golubri |       |     6 |     5 ||    11
       Song of Slaying   |       |     2 |       ||     2
  Use: Scroll            |     4 |     5 |     1 ||    10
       Potion            |     5 |     2 |     1 ||     8
 Stab: Sleeping          |     1 |     2 |       ||     3
       Distracted        |       |     1 |       ||     1
  Eat: Chunk             |     2 |     7 |     3 ||    12
Armor: Leather armour    |    17 |    30 |     5 ||    52
Dodge: Dodged            |    90 |   132 |    26 ||   248
